 Dungeon Crawl Stone Soup version 0.23.2-1-ga50397a6bc (webtiles) character file.

Game seed: 15082484742939931871

553 Kobolds4U the Covert (level 7, -5/37 HPs)
             Began as a Spriggan Assassin on May 31, 2019.
             Was an Initiate of Ashenzari.
             Slain by a gnoll
             ... wielding a +0 spear
              (10 damage)
             ... on level 5 of the Dungeon.
             The game lasted 00:10:15 (4307 turns).

Kobolds4U the Covert (Spriggan Assassin)            Turns: 4307, Time: 00:10:16

Health: -5/37      AC:  3    Str:  5 (7)  XL:     7   Next: 8%
Magic:  8/8        EV: 17    Int: 11 (13) God:    Ashenzari [......]
Gold:   182        SH:  0    Dex: 16 (19) Spells: 6/6 levels left

rFire    x . .     SeeInvis +   b - +0 blowgun
rCold    + . .     Gourm    .   (shield restricted)
rNeg     . . .     Faith    .   c - +0 robe
rPois    .         Spirit   .   (helmet restricted)
rElec    .         Reflect  .   d - +0 cloak
rCorr    .         Harm     .   (gloves unavailable)
MR       +....                  (boots unavailable)
Stlth    +++++.....             (no amulet)
HPRegen  0.12/turn              w - ring of ice
MPRegen  0.11/turn              (no ring)

@: very quick
A: very small, unfitting armour, see invisible, herbivore, speed 3, slow
metabolism 2
a: Curse Item, Renounce Religion


You were on level 5 of the Dungeon.
You worshipped Ashenzari.
Ashenzari was noncommittal.
You were very hungry.

You visited 2 branches of the dungeon, and saw 6 of its levels.
You also visited: Sewer.

You collected 182 gold pieces.

Inventory:

Hand Weapons
 a - a +2 dagger of speed
 b - a +0 blowgun (weapon)
 v - a +0 rapier
Missiles
 f - 2 curare-tipped needles (quivered)
 l - 38 arrows
Armour
 c - a +0 robe (worn)
 d - a +0 cloak (worn)
 u - a +0 troll leather armour
Jewellery
 w - a ring of ice (left hand)
Wands
 y - a wand of digging (3)
Scrolls
 h - a scroll of fog {unknown}
 i - 2 scrolls of magic mapping {unknown}
 j - 3 scrolls of teleportation {unknown}
 k - 3 scrolls of identify {unknown}
 p - a scroll of immolation {unknown}
 r - 2 scrolls of blinking {unknown}
 s - a scroll of enchant armour {unknown}
 B - a scroll of fear {unknown}
 C - a scroll of enchant weapon {unknown}
Potions
 m - 2 potions of curing
 n - a potion of might {unknown}
 o - a potion of brilliance {unknown}
 q - a potion of ambrosia
 t - 3 potions of heal wounds {unknown}
 x - a potion of lignification {unknown}
 z - a potion of magic {unknown}
 A - 2 potions of degeneration
 D - 2 potions of flight {unknown}
Comestibles
 g - 12 rations


   Skills:
 * Level 4.0 Fighting
 - Level 2.1 Short Blades
 - Level 2.0 Throwing
 - Level 1.5 Dodging
 + Level 10.9 Stealth


You had 6 spell levels left.
You didn't know any spells.
Your spell library was empty.

Dungeon Overview and Level Annotations

Branches:
Dungeon (5/15)             Temple (1/1) D:4

Altars:
Ashenzari
Cheibriados
Dithmenos
Gozag
Hepliaklqana
Kikubaaqudgha
Makhleb
Nemelex Xobeh
Okawaru
Qazlal
Ru
Sif Muna
Trog
Uskayaw
Vehumet
Wu Jian
Xom
Yredelemnul
Zin
The Shining One


Innate Abilities, Weirdness & Mutations

You are very small and have problems with some larger weapons.
You are too small for most types of armour.
You have supernaturally acute eyesight. (SInv)
You are a herbivore.
You cover ground extremely quickly.
You need to consume almost no food.


Message History

e - a poisoned needle You see here a poisoned needle.
e - 2 poisoned needles (gained 1) Firing (i - inventory. (/) - cycle)
e - 2 poisoned needles (quivered)
Press: ? - help, Shift-Dir - straight line, f/p - gnoll
Aim: a gnoll, wielding a +0 spear (almost dead)
You shoot a poisoned needle.
The poisoned needle barely misses the gnoll.
You see here a +0 club.
Firing (i - inventory. (/) - cycle)
e - a poisoned needle (quivered)
Press: ? - help, Shift-Dir - straight line, f/p - gnoll
Aim: a gnoll, wielding a +0 spear (severely wounded)
You shoot a poisoned needle. The poisoned needle hits the gnoll.
The gnoll is poisoned.
The gnoll is severely wounded.
The gnoll closely misses you.
There is an open door here.
You see here a poisoned needle.
The gnoll hits you from afar with a +0 spear!
You die...

..... ..... ##########.....
#.............. #.............
###+#+##..........#
#......#..........#
#...(..<...(......######
#.........@.......#....####
###+#g#...........#........
#)#.g..(.........##'##.
#g#..............#≈≈≈#.
#.(..............#≈≈≈#÷
#................#≈.≈#.
########................#≈≈≈#.
#.......(...............#≈≈≈#.
#.......(############...#####.


You could see 2 gnolls.

Vanquished Creatures
  An ogre (D:4)
  A big kobold (Sewer)
  Blork the orc (D:4)
  2 hounds
  A worker ant (D:4)
  A gnoll (D:5)
  14 adders
  A river rat (Sewer)
  An ooze (D:4)
  2 dart slugs (D:1)
  3 worms (D:2)
  4 leopard geckos
  An orc (D:3)
  6 bats
  6 giant cockroaches
  11 goblins
  6 hobgoblins
  5 jackals
  3 quokkas
  3 frilled lizards
  8 kobolds
  A quokka skeleton (D:4)
  9 rats
91 creatures vanquished.

Notes
Turn   | Place    | Note
-------+----------+-------------------------------------------
     0 | D:1      | Kobolds4U the Spriggan Assassin began the quest for the
                  | Orb.
     0 | D:1      | Reached XP level 1. HP: 10/10 MP: 2/2
     4 | D:1      | Reached skill level 6 in Stealth
   316 | D:1      | Reached XP level 2. HP: 12/14 MP: 3/3
   451 | D:1      | Reached skill level 7 in Stealth
   707 | D:2      | Reached XP level 3. HP: 14/18 MP: 4/4
   717 | D:2      | Found a basalt altar of Yredelemnul.
   769 | D:2      | Reached skill level 8 in Stealth
   864 | D:2      | Reached XP level 4. HP: 18/22 MP: 5/5
  1130 | D:2      | Reached skill level 9 in Stealth
  1568 | D:3      | Reached XP level 5. HP: 20/25 MP: 6/6
  2173 | D:4      | Noticed Blork the orc
  2177 | D:4      | Killed Blork the orc
  2177 | D:4      | Reached skill level 10 in Stealth
  2187 | D:4      | Noticed an ogre
  2191 | D:4      | Killed an ogre
  2191 | D:4      | Reached XP level 6. HP: 32/32 MP: 7/7
  2482 | D:4      | Found a staircase to the Ecumenical Temple.
  2498 | Temple   | Entered the Ecumenical Temple
  2738 | Temple   | Became a worshipper of Ashenzari the Shackled
  3103 | D:4      | Found a sparkling altar of Nemelex Xobeh.
  3264 | D:5      | Entered Level 5 of the Dungeon
  3264 | D:5      | Found a glowing drain.
  3535 | Sewer    | Entered a sewer
  3878 | Sewer    | Reached XP level 7. HP: 13/37 MP: 8/8
  4140 | Sewer    | Found a white marble altar of Elyvilon.
  4265 | D:5      | HP: 1/37 [gnoll/+0 spear (5)]
  4307 | D:5      | Slain by a gnoll

Skill      XL: |  1  2  3  4  5  6 |
---------------+-------------------+-----
Stealth        | 6 7 8 9 10 | 10.9
Fighting       | 3 4 |  4.0
Short Blades   | |  2.1
Throwing       | |  2.0
Dodging        | |  1.5

Action                   |  1- 3 |  4- 6 |  7- 9 || total
-------------------------+-------+-------+-------++-------
Melee: Dagger            |   121 |   258 |    28 ||   407
 Fire: Blowgun           |     4 |    14 |    14 ||    32
  Use: Potion            |       |     3 |       ||     3
 Stab: Sleeping          |     8 |    18 |       ||    26
       Distracted        |     1 |       |       ||     1
Armor: Robe              |    18 |    21 |     2 ||    41
Dodge: Dodged            |    77 |   163 |    20 ||   260
